TOP OF THE 1ST |
Jersey Shore D-Bags batting - Pitching for St Charles Sheens : RHP Bob Moss
|
Pitching: RHP Bob Moss
|
|
Batting: LHB Albert Morgan
|
0-0: Ball 1-0: Foul Ball, location: 2F 1-1: Ball 2-1: Swinging Strike 2-2: Strikes out swinging
|
Batting: RHB Orlando Bruno
|
0-0: Called Strike 0-1: Ball 1-1: Ball 2-1: Foul Ball, location: 2F 2-2: Ball 3-2: Strikes out looking
|
Batting: LHB Dave Dodd
|
0-0: Called Strike 0-1: Ground out 5-3 (Groundball, 56)
|
Top of the 1st over - 0 run(s), 0 hit(s), 0 error(s), 0 left on base; Jersey Shore 0 - St Charles 0 |
BOTTOM OF THE 1ST |
St Charles Sheens batting - Pitching for Jersey Shore D-Bags : RHP Roland Martin
|
Pitching: RHP Roland Martin
|
|
Batting: RHB Daniel Robert
|
0-0: Swinging Strike 0-1: Ball 1-1: Ball 2-1: Called Strike 2-2: Ball 3-2: Strikes out looking
|
Batting: LHB Jeff Carter
|
0-0: Ground out 3-1 (Groundball, 34)
|
Batting: RHB Howard Lane
|
0-0: Swinging Strike 0-1: Foul Ball, location: 2F 0-2: Ball 1-2: Strikes out swinging
|
Bottom of the 1st over - 0 run(s), 0 hit(s), 0 error(s), 0 left on base; Jersey Shore 0 - St Charles 0 |
TOP OF THE 2ND |
Jersey Shore D-Bags batting - Pitching for St Charles Sheens : RHP Bob Moss
|
Batting: LHB Armando Macías
|
0-0: Called Strike 0-1: Ball 1-1: Foul Ball, location: 2F 1-2: SINGLE (Line Drive, 4D)
|
Batting: RHB José Flores
|
0-0: Called Strike 0-1: Swinging Strike 0-2: Foul Ball, location: 2F 0-2: Strikes out swinging
|
Batting: LHB Sergio Barrón
|
0-0: Called Strike 0-1: Fly out, F5 (Popup, 5F)
|
Batting: RHB Pedro Rodríguez
|
0-0: Ball 1-0: Ball 2-0: Ground out 5-3 (Groundball, 56)
|
Top of the 2nd over - 0 run(s), 1 hit(s), 0 error(s), 1 left on base; Jersey Shore 0 - St Charles 0 |
BOTTOM OF THE 2ND |
St Charles Sheens batting - Pitching for Jersey Shore D-Bags : RHP Roland Martin
|
Batting: RHB Júlio Hernández
|
0-0: Ball 1-0: Foul Ball, location: 2F 1-1: Swinging Strike 1-2: Foul Ball, location: 2F 1-2: Strikes out swinging
|
Batting: RHB Dan Tyler
|
0-0: Called Strike 0-1: Foul Ball, location: 2F 0-2: SINGLE (Flyball, 4MD)
|
Batting: LHB Bob Ware
|
0-0: Ball 1-0: Ball 2-0: Called Strike 2-1: Ball 3-1: Foul Ball, location: 2F 3-2: Strikes out looking
|
Batting: SHB Kyle MacGregor
|
0-0: Swinging Strike 0-1: Ball 1-1: Foul Ball, location: 2F 1-2: Fly out, F7 (Flyball, 7LM)
|
Bottom of the 2nd over - 0 run(s), 1 hit(s), 0 error(s), 1 left on base; Jersey Shore 0 - St Charles 0 |
TOP OF THE 3RD |
Jersey Shore D-Bags batting - Pitching for St Charles Sheens : RHP Bob Moss
|
Batting: RHB Bartolo Quiñones
|
0-0: Ball 1-0: Foul Ball, location: 2F 1-1: Ball 2-1: Foul Ball, location: 2F 2-2: Ball 3-2: Strikes out swinging
|
Batting: RHB Lawrence Yates
|
0-0: Ball 1-0: Called Strike 1-1: Ball 2-1: Foul Ball, location: 2F 2-2: Ball 3-2: Base on Balls
|
Batting: LHB Albert Morgan
|
0-0: Ball 1-0: Called Strike 1-1: SINGLE (Line Drive, 9S) Lawrence Yates to second
|
Batting: RHB Orlando Bruno
|
0-0: Ball 1-0: SINGLE (Line Drive, 78M) Lawrence Yates to third Albert Morgan to second
|
Batting: LHB Dave Dodd
|
0-0: Called Strike 0-1: Ball 1-1: Foul Ball, location: 2F 1-2: Ball 2-2: Fielders Choice at 2nd, 6-4 (Groundball, 6M) Lawrence Yates scores Albert Morgan to third
|
Batting: LHB Armando Macías
|
0-0: Fly out, F7 (Line Drive, 7M)
|
Top of the 3rd over - 1 run(s), 2 hit(s), 0 error(s), 2 left on base; Jersey Shore 1 - St Charles 0 |
BOTTOM OF THE 3RD |
St Charles Sheens batting - Pitching for Jersey Shore D-Bags : RHP Roland Martin
|
Batting: RHB Xavier Feliciano
|
0-0: Ground out 4-3 (Groundball, 4M)
|
Batting: SHB Richard Bowman
|
0-0: Ball 1-0: Ball 2-0: SINGLE (Flyball, 7S)
|
Batting: RHB Daniel Robert
|
0-0: Called Strike 0-1: Ball 1-1: Ball Wild Pitch! Richard Bowman to second 2-1: Ball 3-1: Base on Balls
|
Batting: LHB Jeff Carter
|
0-0: Ball 1-0: Ground out 5-3 (Groundball, 15S) Richard Bowman to third Daniel Robert to second
|
Batting: RHB Howard Lane
|
0-0: Fly out, F8 (Flyball, 8RM)
|
Bottom of the 3rd over - 0 run(s), 1 hit(s), 0 error(s), 2 left on base; Jersey Shore 1 - St Charles 0 |
TOP OF THE 4TH |
Jersey Shore D-Bags batting - Pitching for St Charles Sheens : RHP Bob Moss
|
Batting: RHB José Flores
|
0-0: Foul Ball, location: 2F 0-1: Ball 1-1: Foul Ball, location: 2F 1-2: SINGLE (Groundball, 5L)
|
Batting: LHB Sergio Barrón
|
0-0: Ball 1-0: Foul Ball, location: 2F 1-1: Ground out 5-3 (Groundball, 56S) José Flores to second
|
Batting: RHB Pedro Rodríguez
|
0-0: Ball 1-0: Called Strike 1-1: Foul Ball, location: 2F 1-2: Foul Ball, location: 2F 1-2: Foul Ball, location: 2F 1-2: Foul Ball, location: 2F 1-2: Ball 2-2: Fly out, F9 (Flyball, 9S)
|
Batting: RHB Bartolo Quiñones
|
0-0: Called Strike 0-1: Called Strike 0-2: Foul Ball, location: 2F 0-2: Ball 1-2: Ground out 4-3 (Groundball, 4)
|
Top of the 4th over - 0 run(s), 1 hit(s), 0 error(s), 1 left on base; Jersey Shore 1 - St Charles 0 |
BOTTOM OF THE 4TH |
St Charles Sheens batting - Pitching for Jersey Shore D-Bags : RHP Roland Martin
|
Batting: RHB Júlio Hernández
|
0-0: Called Strike 0-1: Foul Ball, location: 2F 0-2: Strikes out swinging
|
Batting: RHB Dan Tyler
|
0-0: Foul Ball, location: 2F 0-1: Swinging Strike 0-2: Ball 1-2: Ball 2-2: Ball 3-2: SINGLE (Line Drive, 34)
|
Batting: LHB Bob Ware
|
0-0: Ball 1-0: Ball 2-0: Ball 3-0: Called Strike 3-1: Called Strike 3-2: Ground out 4-3 (Groundball, 4M) Dan Tyler to second
|
Batting: SHB Kyle MacGregor
|
0-0: Foul Ball, location: 2F 0-1: Called Strike 0-2: Ball 1-2: DOUBLE (Line Drive, 9LS) Dan Tyler scores
|
Batting: RHB Xavier Feliciano
|
0-0: Swinging Strike 0-1: TRIPLE (Line Drive, 3L) Kyle MacGregor scores
|
Batting: SHB Richard Bowman
|
0-0: Called Strike 0-1: Foul Ball, location: 2F 0-2: Foul Ball, location: 2F 0-2: Foul Ball, location: 2F 0-2: Fly out, F8 (Flyball, 8RM)
|
Bottom of the 4th over - 2 run(s), 3 hit(s), 0 error(s), 1 left on base; Jersey Shore 1 - St Charles 2 |
TOP OF THE 5TH |
Jersey Shore D-Bags batting - Pitching for St Charles Sheens : RHP Bob Moss
|
Pitching: RHP Sang-joon Pak
|
|
Batting: RHB Lawrence Yates
|
0-0: Fly out, F9 (Flyball, 89M)
|
Batting: LHB Albert Morgan
|
0-0: Ball 1-0: Ground out 4-3 (Groundball, 4)
|
Batting: RHB Orlando Bruno
|
0-0: Called Strike 0-1: Called Strike 0-2: Strikes out looking
|
Top of the 5th over - 0 run(s), 0 hit(s), 0 error(s), 0 left on base; Jersey Shore 1 - St Charles 2 |
BOTTOM OF THE 5TH |
St Charles Sheens batting - Pitching for Jersey Shore D-Bags : RHP Roland Martin
|
Pitching: RHP Johnathan Phillips
|
|
Batting: RHB Daniel Robert
|
0-0: Ball 1-0: Fly out, F7 (Flyball, 78D)
|
Batting: LHB Jeff Carter
|
0-0: SINGLE (Line Drive, 34)
|
Batting: RHB Howard Lane
|
0-0: Ball 1-0: Ball 2-0: Ball 3-0: Called Strike 3-1: Base on Balls Jeff Carter to second
|
Batting: RHB Júlio Hernández
|
0-0: Called Strike 0-1: Called Strike 0-2: Fly out, F7 (Flyball, 7D)
|
Batting: RHB Dan Tyler
|
0-0: Called Strike 0-1: SINGLE (Line Drive, 4M) Jeff Carter to third Howard Lane to second Runner from 3rd tries for Home, SAFE, no throw or cutoff
|
Batting: LHB Bob Ware
|
0-0: Fielders Choice at 2nd, U6 (Groundball, 6M)
|
Bottom of the 5th over - 1 run(s), 2 hit(s), 0 error(s), 2 left on base; Jersey Shore 1 - St Charles 3 |
TOP OF THE 6TH |
Jersey Shore D-Bags batting - Pitching for St Charles Sheens : RHP Sang-joon Pak
|
Batting: LHB Dave Dodd
|
0-0: Foul Ball, location: 2F 0-1: Called Strike 0-2: Ball 1-2: Fly out, F7 (Flyball, 7M)
|
Batting: LHB Armando Macías
|
0-0: Fly out, F8 (Flyball, 8LD)
|
Batting: RHB José Flores
|
0-0: Ball 1-0: Ground out 6-3 (Groundball, 6)
|
Top of the 6th over - 0 run(s), 0 hit(s), 0 error(s), 0 left on base; Jersey Shore 1 - St Charles 3 |
BOTTOM OF THE 6TH |
St Charles Sheens batting - Pitching for Jersey Shore D-Bags : RHP Johnathan Phillips
|
Batting: SHB Kyle MacGregor
|
0-0: Foul Ball, location: 2F 0-1: Fly out, F6 (Popup, 6D)
|
Batting: RHB Xavier Feliciano
|
0-0: Called Strike 0-1: Fly out, F7 (Flyball, 78D)
|
Batting: SHB Richard Bowman
|
0-0: Ball 1-0: Ball 2-0: Ground out 1-3 (Groundball, 15)
|
Bottom of the 6th over - 0 run(s), 0 hit(s), 0 error(s), 0 left on base; Jersey Shore 1 - St Charles 3 |
TOP OF THE 7TH |
Jersey Shore D-Bags batting - Pitching for St Charles Sheens : RHP Sang-joon Pak
|
Pitching: RHP Álex Villegas
|
|
Batting: LHB Sergio Barrón
|
0-0: Ball 1-0: Called Strike 1-1: Swinging Strike 1-2: Foul Ball, location: 2F 1-2: Strikes out swinging
|
Batting: RHB Pedro Rodríguez
|
0-0: Swinging Strike 0-1: Called Strike 0-2: Ball 1-2: Foul Ball, location: 2F 1-2: Ball 2-2: Ball 3-2: Foul Ball, location: 2F 3-2: Strikes out swinging
|
Batting: RHB Bartolo Quiñones
|
0-0: Ball 1-0: Ground out 5-3 (Groundball, 56)
|
Top of the 7th over - 0 run(s), 0 hit(s), 0 error(s), 0 left on base; Jersey Shore 1 - St Charles 3 |
BOTTOM OF THE 7TH |
St Charles Sheens batting - Pitching for Jersey Shore D-Bags : RHP Johnathan Phillips
|
Pitching: LHP Claude Pinard
|
|
Batting: RHB Alfredo Rivera
|
0-0: Ball 1-0: Called Strike 1-1: Swinging Strike 1-2: Ball 2-2: Foul Ball, location: 2F 2-2: Strikes out swinging
|
Pinch Hitting: RHB Salvador Medine
|
0-0: Ground out 4-3 (Groundball, 6MS)
|
Pinch Hitting: LHB Marcos Cantú
|
0-0: Called Strike 0-1: Ball 1-1: Fly out, F8 (Line Drive, 8LM)
|
Bottom of the 7th over - 0 run(s), 0 hit(s), 0 error(s), 0 left on base; Jersey Shore 1 - St Charles 3 |
TOP OF THE 8TH |
Jersey Shore D-Bags batting - Pitching for St Charles Sheens : RHP Álex Villegas
|
Now at SS: Salvador Medine
|
|
Now in RF: Marcos Cantú
|
|
Batting: RHB Lawrence Yates
|
0-0: Ball 1-0: Swinging Strike 1-1: Called Strike 1-2: Foul Ball, location: 2F 1-2: Foul Ball, location: 2F 1-2: Ball 2-2: Strikes out swinging
|
Pinch Hitting: SHB Tadahisa Kisuki
|
0-0: Ball 1-0: Ball 2-0: Ball 3-0: Called Strike 3-1: Foul Ball, location: 2F 3-2: SOLO HOME RUN (Line Drive, 9D), Distance : 393 ft
|
Pinch Hitting: LHB Ricardo Berroa
|
0-0: Ball 1-0: Ground out 1-3 (Groundball, 13)
|
Pitching: LHP Rubén Martínez
|
|
Batting: LHB Dave Dodd
|
0-0: Foul Ball, location: 2F 0-1: Ball 1-1: Ball 2-1: Ball 3-1: Ground out 1-3 (Groundball, 15)
|
Top of the 8th over - 1 run(s), 1 hit(s), 0 error(s), 0 left on base; Jersey Shore 2 - St Charles 3 |
BOTTOM OF THE 8TH |
St Charles Sheens batting - Pitching for Jersey Shore D-Bags : LHP Claude Pinard
|
Now at 2B: John Moore
|
|
Now in LF: Ricardo Berroa
|
|
Pinch Hitting: LHB Gene Cooper
|
0-0: Ball 1-0: Reached on error, E6 (Groundball, 6M)
|
Pinch Hitting: RHB Judson Backstrom
|
0-0: Fly out, F7 (Flyball, 7D)
|
Batting: LHB Bob Ware
|
0-0: Ball 1-0: Called Strike 1-1: Ball 2-1: Ball 3-1: Base on Balls Gene Cooper to second
|
Batting: SHB Kyle MacGregor
|
0-0: Ball 1-0: Ball 2-0: Ball 3-0: Called Strike 3-1: Fly out, F7 (Flyball, 78S)
|
Batting: RHB Xavier Feliciano
|
0-0: Ball 1-0: Called Strike 1-1: Foul Ball, location: 2F 1-2: Ball 2-2: Foul Ball, location: 2F 2-2: Ball 3-2: Foul Ball, location: 2F 3-2: Foul Ball, location: 2F 3-2: Base on Balls Gene Cooper to third Bob Ware to second
|
Pinch Hitting: RHB Guo-xiu Choi
|
0-0: Foul Ball, location: 2F 0-1: Swinging Strike 0-2: Strikes out swinging
|
Bottom of the 8th over - 0 run(s), 0 hit(s), 1 error(s), 3 left on base; Jersey Shore 2 - St Charles 3 |
TOP OF THE 9TH |
Jersey Shore D-Bags batting - Pitching for St Charles Sheens : LHP Rubén Martínez
|
Pitching: LHP Shan Liu
|
|
Now at 2B: Kel Pierce
|
|
Now at SS: Gene Cooper
|
|
Now in RF: Guo-xiu Choi
|
|
Pinch Hitting: RHB Owen Carter
|
0-0: Called Strike 0-1: Fly out, F8 (Flyball, 8RD)
|
Pinch Hitting: RHB Ricardo González
|
0-0: Ball 1-0: Ground out 5-3 (Groundball, 56)
|
Batting: RHB Cy Keynes
|
0-0: Swinging Strike 0-1: Ball 1-1: Foul Ball, location: 2F 1-2: Foul Ball, location: 2F 1-2: Foul Ball, location: 2F 1-2: Strikes out looking
|
Top of the 9th over - 0 run(s), 0 hit(s), 0 error(s), 0 left on base; Jersey Shore 2 - St Charles 3 |
|